 Dungeon Crawl Stone Soup version 0.31-a0-246-g8cbcc1cb85 (webtiles) character file.

Game seed: 12332971453791685264

49 FearOfTheDuck the Slasher (level 4, -2/35 HPs)
             Began as a Human Cinder Acolyte on July 12, 2023.
             Was a High Priest of Ignis.
             Slain by an iguana (9 damage)
             ... on level 2 of the Dungeon.
             The game lasted 00:39:08 (1139 turns).

FearOfTheDuck the Slasher (Human Cinder Acolyte)    Turns: 1139, Time: 00:39:08

Health: -2/35      AC:  7    Str: 17    XL:     4   Next: 1%
Magic:  5/5        EV: 10    Int: 14    God:    Ignis [*****.]
Gold:   75         SH:  0    Dex:  8    Spells: 5/5 levels left

rFire   + . .        a - -1 falchion (flame)
rCold   . . .        (no shield)
rNeg    . . .        g - +2 ring mail
rPois   .            (no helmet)
rElec   .            (no cloak)
rCorr   .            (no gloves)
SInv    .            (no boots)
Will    .....        (no amulet) Stlth
                     (no ring)
HPRegen 0.25/turn    (no ring)
MPRegen 0.09/turn

%: no passive effects
@: attractive
A: no striking features
a: Renounce Religion, Fiery Armour, Foxfire Swarm, Rising Flame


You were on level 2 of the Dungeon.
You worshipped Ignis.
Ignis was extremely pleased with you.
You visited 1 branch of the dungeon, and saw 2 of its levels.

You collected 75 gold pieces.

Inventory:

Hand Weapons
 a - a -1 falchion of flaming (weapon)
 d - a +0 sling
Missiles
 c - 13 stones
 e - 5 boomerangs (quivered)
Armour
 b - a +0 robe
 f - a +0 leather armour
 g - a +2 ring mail (worn)
Scrolls
 i - a scroll of enchant armour


   Skills:
 + Level 3.4 Fighting
 + Level 3.5 Long Blades
 + Level 0.5 Throwing
 + Level 0.9 Armour
 + Level 0.2 Dodging
 + Level 1.0 Spellcasting
 + Level 3.3 Fire Magic


You had 5 spell levels left.
You didn't know any spells.
Your spell library contained the following spells:

 Spells                   Type           Power      Damage    Failure   Level
 Scorch                   Fire           20%        2d6       19%         2


Dungeon Overview and Level Annotations

Branches:
Dungeon (2/15)

Altars:


Message History

The iguana closely misses you.
You barely miss the iguana.
The iguana is heavily wounded.
The iguana misses you.
You barely miss the iguana.
The iguana is heavily wounded.
The iguana closely misses you.
You hit the iguana. You burn the iguana.
The iguana is severely wounded.
The iguana bites you but does no damage.
You barely miss the iguana.
The iguana is severely wounded.
The iguana bites you but does no damage.
You barely miss the iguana.
The iguana is severely wounded.
The iguana bites you! The iguana bites you.
You barely miss the iguana.
The iguana is severely wounded.
The iguana closely misses you.
You hit the iguana but do no damage.
The iguana is severely wounded.
The iguana bites you but does no damage.
You hit the iguana but do no damage.
The iguana is severely wounded.
The iguana hisses menacingly.
The iguana bites you.
You hit the iguana but do no damage.
The iguana is severely wounded.
The iguana closely misses you.
You barely miss the iguana.
The iguana is severely wounded.
The iguana closely misses you.
You hit the iguana. You burn the iguana.
The iguana is almost dead.
The iguana barely misses you. The iguana bites you!
* * * LOW HITPOINT WARNING * * *
It was a potion of attraction.
You feel attractive to monsters. The iguana bites you!
You die...

.. .##.###..#######
... ...# #.##
...#########.####
................#
................######
##....................
......................
##.##.....#####......
#@l##### #......
#.......# ####......
#...###.# .........^
..>### # ##.......
..##. #....... .. #.
##...... . # #....###
#.#..### #.#.....


You could see an iguana.

Vanquished Creatures
  2 adders (D:2)
  A dart slug (D:1)
  3 endoplasms
  2 giant cockroaches
  4 hobgoblins
  4 quokkas
  2 bats
  A frilled lizard (D:1)
  A goblin (D:1)
  5 kobolds
  2 rats (D:1)
27 creatures vanquished.

Notes
Turn   | Place    | Note
-------+----------+-------------------------------------------
     0 | D:1      | FearOfTheDuck the Human Cinder Acolyte began the quest for
                  | the Orb.
     0 | D:1      | Reached XP level 1. HP: 18/18 MP: 2/2
   167 | D:1      | Reached XP level 2. HP: 23/24 MP: 3/3
   246 | D:1      | Found a faded altar of an unknown god.
   552 | D:1      | Reached XP level 3. HP: 27/29 MP: 4/4
  1085 | D:2      | Reached XP level 4. HP: 35/35 MP: 5/5
  1139 | D:2      | Slain by an iguana

Illustrated notes

Levels and vault maps discovered:
D:1:      mrwooster_arrival_statue_2, layout_basic,
          shapermc_ecumenical_altar_ellora
D:2:      layout_basic, nicolae_shop_vocational

Action                     |  1- 3 |  4- 6 || total
---------------------------+-------+-------++-------
  Melee: Falchion          |   109 |    16 ||   125
  Throw: Boomerang         |    34 |     3 ||    37
    Use: Scroll            |     3 |     1 ||     4
         Potion            |       |     2 ||     2
 Armour: Leather armour    |     3 |       ||     3
         Robe              |     2 |       ||     2
         Ring mail         |    38 |     3 ||    41
  Dodge: Dodged            |    47 |     9 ||    56

Table legend: (Time is in decaauts)
 A = Elapsed time spent in this place.
 B = Non-inter-level travel time spent in this place.
 C = Inter-level travel time spent in this place.
 D = Time resting spent in this place.
 E = Time spent auto-exploring this place.
 F = Levels seen in this place.
 G = Mean time per level.
                   A        B        C        D        E       F      G
               +--------+--------+--------+--------+--------+-----+--------+
         Total |   1165 |   1060 |    105 |     66 |    399 |   2 |  582.5 |
       Dungeon |   1165 |   1060 |    105 |     66 |    399 |   2 |  582.5 |
               +--------+--------+--------+--------+--------+-----+--------+

Top non-repeatable levels by time:
     D:1: 917 daAuts
     D:2: 248 daAuts
